[Event "Team 45 45 League T32"]
[Site "Internet Chess Club"]
[Date "2007.02.04"]
[Round "3"]
[White "Sean"]
[Black "clarnibass"]
[Result "0-1"]
[WhiteElo "1625"]
[BlackElo "1692"]
[ECO "A13"]
[TimeControl "2700+45"]

1. Nf3 Nf6 2. c4 e6 3. g3 d5 4. d4 dxc4 5. Qa4+ Nbd7 6. Bg2 a6 7. Qxc4 b5 8. Qc6
Rb8 9. Bf4 Nd5 10. Bg5 Be7 11. Bxe7 Qxe7 12. Nc3 Nb4 13. Qxc7 Nc2+ 14. Kd1 Nxa1
15. Ne5 O-O 16. Nc6 Qe8 17. Nxb8 Nxb8 18. Qxb8 Qe7 19. Qf4 b4 20. Na4 b3 21. a3
Bb7 22. Bxb7 Qxb7 23. f3 Nc2 24. Nc5 Qb5 25. Qd2 Rd8 26. e3 Nxe3+ 27. Qxe3 Qxc5
28. Qxb3 Rxd4+ 29. Ke2 Qe5+ 30. Kf1 Rd2 31. Qc4 g6 32. Qc8+ Kg7 33. Qc3 Qxc3 34.
bxc3 Rc2 35. a4 Rxc3 36. Kg2 Ra3 37. Rc1 Rxa4 38. Rc7 a5 39. Ra7 Ra2+ 40. Kh3 a4
41. g4 a3 42. Kg3 Ra1 43. Kf4 a2 44. Ra3 e5+ 45. Kg5 Rf1 46. Rxa2 Rxf3 47. Kh4
h6 48. g5 Rf4+ 49. Kg3 hxg5 50. Ra5 f6 51. Ra7+ Kh6 52. Ra8 f5 53. h3 g4 54.
hxg4 Rxg4+ 55. Kf3 e4+ 56. Ke3 Kg5 57. Ra5 Rg3+ 58. Kf2 Rf3+ 59. Ke2 Kf4 60. Ra6
g5 61. Rg6 g4 62. Rg8 g3 63. Rg7 Rf2+ 64. Ke1 Kf3 65. Rg5 f4 66. Rg6 e3 67. Rg5
g2 68. Rg6 Rf1# {White checkmated} 0-1

[Event "Team 45 45 League T32"]
[Site "Internet Chess Club"]
[Date "2007.02.01"]
[Round "3"]
[White "mambomex"]
[Black "andrew28"]
[Result "1-0"]
[WhiteElo "1765"]
[BlackElo "1923"]
[ECO "C11"]
[TimeControl "2700+45"]

1. e4 e6 2. d4 d5 3. Nc3 Nf6 4. e5 Nfd7 5. Nce2 c5 6. c3 Nc6 7. f4 cxd4 8. cxd4
f6 9. Nf3 b6 10. Bd2 Ba6 11. Qa4 Bb7 12. O-O-O Na5 13. Bxa5 bxa5 14. f5 Rc8+ 15.
Kb1 Bc6 16. Qc2 Nb6 17. Qd3 Nc4 18. fxe6 Bb5 19. Qb3 a6 20. a4 Bc6 21. Nf4 Rb8
22. Bxc4 Rxb3 23. Bxb3 Be7 24. exf6 gxf6 25. Rhf1 Qb8 26. Rc1 Qxb3 27. Rxc6 O-O
28. Nd2 Qe3 29. Nxd5 Qxd2 30. Nxe7+ Kh8 31. Rc2 Qxd4 32. Nc6 Qxa4 33. e7 Re8 34.
Rxf6 Kg7 35. Rf5 Qe4 36. Re5 Qf4 37. g3 Qf1+ 38. Ka2 a4 39. Ka3 Qd3+ 40. Rc3 Qd1
41. Ka2 a3 42. Kxa3 Qa1+ 43. Kb3 Qd1+ 44. Ka2 Qa4+ 45. Kb1 Qd1+ 46. Rc1 Qd3+ 47.
Ka1 Qd2 48. Rf1 h6 49. Ref5 Qc2 50. Rf7+ Kg6 51. Ne5+ Kg5 52. h4+ {Black
resigns} 1-0

[Event "Team 45 45 League T32"]
[Site "Internet Chess Club"]
[Date "2007.02.05"]
[Round "3"]
[White "geolovic"]
[Black "chipionero"]
[Result "1/2-1/2"]
[WhiteElo "1706"]
[BlackElo "1673"]
[ECO "B91"]
[TimeControl "2700+45"]

1. e4 c5 2. Nf3 d6 3. d4 cxd4 4. Nxd4 Nf6 5. Nc3 a6 6. g3 e5 7. Nb3 Be6 8. Bg2
Nbd7 9. O-O Be7 10. f4 Rc8 11. Nd5 Bxd5 12. exd5 Qc7 13. fxe5 Nxe5 14. Be3 O-O
15. c3 Nfg4 16. Bd4 Nf6 17. Rc1 Rfe8 18. Nd2 Qa5 19. Qb3 b5 20. a3 Qc7 21. Qc2
Bf8 22. Nf3 Nc4 23. Ng5 h6 24. Bxf6 hxg5 25. Bxg5 Ne3 26. Bxe3 Rxe3 27. Rce1 Qc5
28. Rxe3 Qxe3+ 29. Qf2 Qxf2+ 30. Kxf2 Re8 31. Rd1 g6 32. Bh3 f5 33. Re1 Rxe1 34.
Kxe1 Kf7 35. Bf1 Bh6 36. Kd1 Be3 37. b4 Bg1 38. h3 Bh2 39. g4 fxg4 40. hxg4 Be5
41. c4 bxc4 42. Bxc4 Bb2 43. a4 Ba3 44. b5 axb5 45. Bxb5 g5 46. Kc2 Ke7 47. Kb3
Bc5 48. Kc4 Kd8 49. Bc6 Kc7 50. Kb5 Kb8 51. Ka6 Bb4 52. Bd7 Bc5 53. Kb5 Be3 54.
Kc6 Bc5 55. a5 Ka7 56. Bc8 Kb8 57. Bb7 Ka7 58. a6 Bb4 59. Kc7 Bc5 60. Kd7 Bb4
61. Ke6 Bc5 62. Kf5 Be3 63. Ke6 Bf4 64. Kf5 Kb8 65. Ke6 {Game drawn by mutual
agreement} 1/2-1/2

[Event "Team 45 45 League T32"]
[Site "Internet Chess Club"]
[Date "2007.02.05"]
[Round "3"]
[White "olivares"]
[Black "calily"]
[Result "1/2-1/2"]
[WhiteElo "1587"]
[BlackElo "1733"]
[ECO "C42"]
[TimeControl "2700+45"]

1. e4 e5 2. Nf3 Nf6 3. Nxe5 d6 4. Nf3 Nxe4 5. d4 d5 6. Bd3 Bd6 7. O-O O-O 8. c4
c6 9. Qc2 Bf5 10. Nc3 Re8 11. Be3 Bg6 12. Rfe1 Nd7 13. a3 Ndf6 14. cxd5 Nxc3 15.
bxc3 Nxd5 16. Bd2 Qd7 17. c4 Bxd3 18. Qxd3 Nf4 19. Bxf4 Bxf4 20. c5 b6 21. cxb6
axb6 22. Qb3 Qc7 23. a4 h6 24. Rxe8+ Rxe8 25. g3 Bd6 26. Rc1 Ra8 27. Kg2 Qb7 28.
Kg1 b5 29. axb5 Ra3 30. Qc2 Rxf3 31. Qxc6 Qxc6 32. bxc6 Bc7 33. Rb1 Rd3 34. Rb7
Ba5 35. c7 Bxc7 36. Rxc7 Rxd4 37. Kg2 {Game drawn by mutual agreement} 1/2-1/2

[Event "Team 45 45 League T32"]
[Site "Internet Chess Club"]
[Date "2007.02.02"]
[Round "3"]
[White "arriero55"]
[Black "Juan73"]
[Result "0-1"]
[WhiteElo "1578"]
[BlackElo "1610"]
[ECO "C64"]
[TimeControl "2700+45"]

1. e4 e5 2. Nf3 Nc6 3. Bb5 Bc5 4. c3 Qf6 5. O-O Nge7 6. Qe2 d6 7. h3 Bd7 8. d3
a6 9. Bc4 Na5 10. b4 Nxc4 11. bxc5 Na5 12. Be3 O-O 13. Nbd2 d5 14. Bg5 Qe6 15.
exd5 Nxd5 16. c4 Ne7 17. Qxe5 f6 18. Qxe6+ Bxe6 19. Bf4 Rac8 20. Bg3 Rfd8 21.
Rfe1 Kf7 22. d4 Nxc4 23. Nxc4 Bxc4 24. Bf4 Nf5 25. Be3 Nxe3 26. Rxe3 Re8 27.
Rxe8 Rxe8 28. a3 g5 29. Re1 Rxe1+ 30. Nxe1 Ke6 31. Nc2 Kd5 32. f3 Bd3 33. Kf2
Bxc2 34. Ke3 f5 {White resigns} 0-1

[Event "Team 45 45 League T32"]
[Site "Internet Chess Club"]
[Date "2007.02.06"]
[Round "3"]
[White "Ozgur-Bjk"]
[Black "fledermaus"]
[Result "1/2-1/2"]
[WhiteElo "2125"]
[BlackElo "2054"]
[ECO "D52"]
[TimeControl "2700+45"]

1. d4 d5 2. c4 e6 3. Nc3 Nf6 4. Nf3 c6 5. Bg5 Nbd7 6. e3 Qb6 7. Qc2 Be7 8. cxd5
exd5 9. Bd3 O-O 10. Bxh7+ Nxh7 11. Bxe7 Re8 12. Bh4 Ndf8 13. h3 g6 14. O-O Bf5
15. Qd2 Kg7 16. Bg3 g5 17. e4 dxe4 18. Nxg5 Rad8 19. Nxh7 Nxh7 20. Rad1 f6 21.
Qe3 Bg6 22. d5 Qxe3 23. fxe3 cxd5 24. Nxd5 Rd7 25. Nf4 Rde7 26. Nxg6 Kxg6 27.
Rd6 Re6 28. Rfd1 Ng5 29. Rxe6 Rxe6 30. Bf4 Nf7 31. Kf2 Rc6 32. Rd2 a6 33. g4 Ng5
34. Bxg5 fxg5 35. Kg3 Rf6 36. Rf2 Rd6 37. h4 gxh4+ 38. Kxh4 Rd3 39. Re2 Rd1 40.
Rc2 Rd3 41. Rc3 Rd2 42. Rb3 b5 43. a4 Rd3 44. Rb4 Rxe3 45. axb5 axb5 46. Rxb5
Rd3 47. Rb6+ Kg7 48. b4 e3 49. Re6 Rb3 50. Kg5 Rxb4 51. Re7+ Kg8 52. Rxe3 Rb6
53. Re7 Ra6 54. Kh5 Rb6 55. Re5 Kg7 56. g5 Ra6 {Game drawn by mutual agreement}
1/2-1/2

[Event "Team 45 45 League T32"]
[Site "Internet Chess Club"]
[Date "2007.02.01"]
[Round "3"]
[White "ddlj81"]
[Black "Ser-Enigma"]
[Result "0-1"]
[WhiteElo "1945"]
[BlackElo "2047"]
[ECO "C78"]
[TimeControl "2700+45"]

1. e4 e5 2. Nf3 Nc6 3. Bb5 a6 4. Ba4 Nf6 5. O-O b5 6. Bb3 Bb7 7. Re1 Bc5 8. c3
d6 9. Bc2 O-O 10. d4 Bb6 11. d5 Ne7 12. Nbd2 Ng4 13. Re2 f5 14. Nf1 fxe4 15.
Bxe4 Nf6 16. Qd3 Nxe4 17. Rxe4 Bxd5 18. Ng5 Rxf2 19. Be3 Rf5 20. Rg4 Bc4 21.
Rxc4 bxc4 22. Qxc4+ d5 23. Qh4 h6 24. Nf3 Ng6 25. Qxd8+ Rxd8 26. Re1 d4 27. cxd4
exd4 28. Bf2 Nf4 29. Rd1 Rb5 30. b3 Ne2+ 31. Kh1 Nc3 32. Rd2 Ne4 33. Re2 Nxf2+
34. Rxf2 d3 35. Rd2 Ba5 36. Rd1 d2 37. h3 Rc5 38. N1xd2 Rcd5 {White resigns} 0-1

[Event "Team 45 45 League T32"]
[Site "Internet Chess Club"]
[Date "2007.02.04"]
[Round "3"]
[White "DeLaSalle"]
[Black "StrayLite"]
[Result "1-0"]
[WhiteElo "2025"]
[BlackElo "1912"]
[ECO "A01"]
[TimeControl "2700+45"]

1. b3 d5 2. Bb2 Bg4 3. Nf3 Bxf3 4. exf3 Nf6 5. g3 g6 6. Bg2 Bg7 7. O-O O-O 8. f4
Nbd7 9. d3 c6 10. Nd2 Nh5 11. Bxg7 Kxg7 12. Nf3 Qc7 13. Re1 Rfe8 14. Ne5 e6 15.
Qd2 Nhf6 16. Re2 Qd6 17. a4 h5 18. h4 Ng4 19. Rae1 Nh6 20. Bh3 Nf5 21. Bxf5 exf5
22. Nxd7 Qxd7 23. Qb4 b6 24. Re7 Rxe7 25. Rxe7 Qd8 26. Qd4+ Kg8 27. Qf6 Qf8 28.
Qxc6 Rc8 29. Rc7 Rxc7 30. Qxc7 d4 31. Qxa7 Qc5 32. a5 Qxa5 33. Qxa5 bxa5 34. Kf1
Kf8 35. Ke2 Ke7 36. Kd2 Kd6 37. c3 Kd5 38. Kc2 Kc5 39. Kb2 Kd5 40. c4+ Kc5 41.
Ka3 Kc6 42. Ka4 Kb6 43. b4 axb4 44. Kxb4 Kc6 45. c5 {Black resigns} 1-0

[Event "Team 45 45 League T32"]
[Site "Internet Chess Club"]
[Date "2007.02.04"]
[Round "3"]
[White "vaibhav"]
[Black "SneakyRed"]
[Result "1-0"]
[WhiteElo "2213"]
[BlackElo "1866"]
[ECO "B18"]
[TimeControl "2700+45"]

1. e4 c6 2. d4 d5 3. Nc3 dxe4 4. Nxe4 Bf5 5. Ng3 Bg6 6. Bc4 e6 7. N1e2 Nf6 8.
O-O Bd6 9. f4 Qd7 10. Bd3 Bxd3 11. Qxd3 g6 12. b3 O-O 13. c4 Rd8 14. Bb2 Qe7 15.
Rad1 Nbd7 16. Nc3 Ba3 17. Ba1 Nb6 18. Nce4 Nbd7 19. Nxf6+ Nxf6 20. Ne4 Nxe4 21.
Qxe4 Qd7 22. d5 Bc5+ 23. Kh1 Be7 24. d6 Bf8 25. Qe5 f6 26. Qxf6 Bg7 27. Qxg7+
Qxg7 28. Bxg7 Kxg7 29. c5 b6 30. b4 a5 31. a3 axb4 32. axb4 bxc5 33. bxc5 Ra5
34. Rc1 Kf6 35. Rf2 Rb8 36. g3 Rbb5 37. Rfc2 e5 38. fxe5+ Kxe5 39. Re1+ Kf6 40.
Rf2+ Kg5 41. Re5+ Kh6 42. d7 Ra8 43. Re8 Rbb8 44. Rff8 Ra1+ 45. Kg2 Rb2+ 46. Kh3
Raa2 47. d8=Q Rxh2+ 48. Kg4 Rh5 49. Rf7 Rg2 50. Rxh7+ Kxh7 51. Rh8+ Kg7 52. Qf8#
{Black checkmated} 1-0

[Event "Team 45 45 League T32"]
[Site "Internet Chess Club"]
[Date "2007.02.03"]
[Round "3"]
[White "SkinnyPuppy"]
[Black "cascarillo"]
[Result "1-0"]
[WhiteElo "2182"]
[BlackElo "1988"]
[ECO "B23"]
[TimeControl "2700+45"]

1. e4 c5 2. Nc3 d6 3. f4 Nc6 4. Bb5 g6 5. Bxc6+ bxc6 6. Nf3 Bg7 7. d3 e6 8. O-O
Ne7 9. Qe1 O-O 10. b3 Rb8 11. Bd2 d5 12. Rd1 c4 13. Na4 cxd3 14. cxd3 Ba6 15.
Ba5 Qc8 16. Nc5 dxe4 17. Qxe4 Nd5 18. Rc1 Re8 19. Ne5 Rb5 20. Bd2 Rd8 21. a4 Rb8
22. Ba5 Rd6 23. Rfd1 Bh6 24. g3 Bg7 25. Kh1 f6 26. Nc4 Bxc4 27. dxc4 Nc3 28.
Bxc3 {Black resigns} 1-0

[Event "Team 45 45 League T32"]
[Site "Internet Chess Club"]
[Date "2007.02.03"]
[Round "3"]
[White "camembert"]
[Black "PvsNP"]
[Result "0-1"]
[WhiteElo "1925"]
[BlackElo "1784"]
[ECO "A52"]
[TimeControl "2700+45"]

1. d4 Nf6 2. c4 e5 3. dxe5 Ng4 4. Bf4 Nc6 5. Nf3 Bb4+ 6. Nc3 Qe7 7. Qd5 f6 8.
exf6 Nxf6 9. Qd3 d6 10. Bd2 O-O 11. e3 g6 12. Nd5 Nxd5 13. Qxd5+ Be6 14. Qd3 Bf5
15. Qb3 Bxd2+ 16. Kxd2 Be6 17. Rd1 Ne5 18. Nxe5 dxe5 19. f3 e4 20. f4 Rfd8+ 21.
Kc1 Bg4 22. Rxd8+ Rxd8 23. c5+ Kg7 24. Qc3+ Kh6 25. h3 Rd1+ 26. Kc2 Be2 27. g4
Rxf1 28. Rxf1 Bxf1 29. g5+ Kh5 30. Qd2 Qxc5+ 31. Kb1 Bd3+ 32. Ka1 Qc2 33. Qe1
Qe2 34. Qg1 Qf1+ 35. Qxf1 Bxf1 36. b4 Bxh3 37. Kb2 {White resigns} 0-1

[Event "Team 45 45 League T32"]
[Site "Internet Chess Club"]
[Date "2007.02.03"]
[Round "3"]
[White "Chief-Justice"]
[Black "room-matt"]
[Result "1/2-1/2"]
[WhiteElo "1878"]
[BlackElo "1866"]
[ECO "C52"]
[TimeControl "2700+45"]

1. e4 e5 2. Nf3 Nc6 3. Bc4 Bc5 4. b4 Bxb4 5. c3 Ba5 6. O-O d6 7. d4 Nf6 8. d5
Ne7 9. Qa4+ c6 10. dxc6 Nxc6 11. Rd1 O-O 12. Ba3 Ne8 13. Bd5 Bd7 14. Qb3 Rb8 15.
Nbd2 Bc7 16. Rab1 h6 17. Nc4 Qe7 18. Qc2 Qf6 19. Qd3 Qf4 20. g3 Qg4 21. Bxc6
Bxc6 22. Nxd6 Bxd6 23. Bxd6 Nxd6 24. Nxe5 Qxe4 25. Nxc6 bxc6 26. Rxb8 Rxb8 27.
Qxd6 Rb1 28. Rxb1 Qxb1+ 29. Kg2 Qe4+ 30. Kg1 Qb1+ 31. Kg2 Qe4+ 32. Kg1 Qb1+ 33.
Kg2 Qe4+ 34. Kg1 Qb1+ 35. Kg2 {Game drawn by repetition} 1/2-1/2

[Event "Team 45 45 League T32"]
[Site "Internet Chess Club"]
[Date "2007.02.04"]
[Round "3"]
[White "Beetlejuice"]
[Black "crispin"]
[Result "1/2-1/2"]
[WhiteElo "1895"]
[BlackElo "1771"]
[ECO "D12"]
[TimeControl "2700+45"]

1. d4 d5 2. Nf3 Nf6 3. e3 Bf5 4. c4 c6 5. Nc3 e6 6. Nh4 Bg6 7. Nxg6 hxg6 8. Bd3
Qc7 9. h3 dxc4 10. Bxc4 Nbd7 11. e4 Nb6 12. Bd3 e5 13. Be3 Rd8 14. dxe5 Qxe5 15.
f4 Qe6 16. Qe2 Bb4 17. O-O Bxc3 18. bxc3 O-O 19. Rab1 Na4 20. Qc2 b5 21. Rfe1 a6
22. Rbd1 Rfe8 23. Bf2 c5 24. c4 Qc6 25. Bh4 Rd4 26. e5 Nd7 27. Be4 Qb6 28. cxb5
axb5 29. Rxd4 cxd4 30. Bf2 Rd8 31. Rc1 Qa7 32. Rb1 Ndc5 33. Bd3 Nxd3 34. Qxd3
Qd7 35. Rxb5 Nc3 36. Rb4 Qc6 37. Bxd4 Nxa2 38. Rc4 Qa6 39. Qc2 Qa3 40. Bc5 Qa6
41. Ra4 Rd2 42. Rxa6 Rxc2 43. Bd6 Nc3 44. Ra8+ Kh7 45. Rf8 Ne2+ 46. Kf2 Nxf4+
47. Kf3 Ne6 48. Rb8 Ng5+ 49. Kg3 Rd2 50. Rd8 Ne6 51. Re8 g5 52. Re7 Kg6 53. Kf3
Rd3+ 54. Ke4 Rg3 55. Ra7 Rxg2 56. Ra3 Re2+ 57. Kf3 Rh2 58. Kg4 Nd4 59. Kg3 Re2
60. Rd3 Nf5+ 61. Kf3 Rh2 62. Kg4 Rg2+ 63. Kf3 Rg3+ 64. Ke4 Rxd3 65. Kxd3 f6 66.
Ke4 Nxd6+ 67. exd6 Kf7 68. Kd5 Ke8 69. Ke6 Kd8 70. d7 f5 71. Kxf5 Kxd7 72. Kxg5
Ke7 73. Kg6 Kf8 74. h4 Kg8 75. h5 Kh8 76. h6 gxh6 77. Kxh6 {Game drawn because
neither player has mating material} 1/2-1/2

[Event "Team 45 45 League T32"]
[Site "Internet Chess Club"]
[Date "2007.02.02"]
[Round "3"]
[White "moreffee"]
[Black "rgadoury"]
[Result "1-0"]
[WhiteElo "1369"]
[BlackElo "1331"]
[ECO "C47"]
[TimeControl "2700+45"]

1. Nf3 Nc6 2. e4 e5 3. Nc3 Nf6 4. Bc4 Be7 5. d4 exd4 6. Nxd4 Nxd4 7. Qxd4 O-O 8.
Bd2 d6 9. O-O-O Be6 10. Nd5 Bxd5 11. exd5 c5 12. dxc6 bxc6 13. h4 Qa5 {Black
resigns} 1-0

[Event "Team 45 45 League T32"]
[Site "Internet Chess Club"]
[Date "2007.02.04"]
[Round "3"]
[White "JimGaming"]
[Black "Mississippian"]
[Result "1-0"]
[WhiteElo "1361"]
[BlackElo "1391"]
[ECO "C77"]
[TimeControl "2700+45"]

1. e4 e5 2. Nf3 Nc6 3. Bb5 a6 4. Ba4 Nf6 5. d3 Be7 6. Bxc6 dxc6 7. Nxe5 Qd6 8.
Nf3 Qb4+ 9. Nbd2 O-O 10. O-O Qa5 11. b3 Qh5 12. Nc4 Bg4 13. Bf4 Rac8 14. Ne3
Rfd8 15. Nxg4 Qxg4 16. Bg3 Nxe4 17. h3 Qh5 18. Nd2 Nxg3 19. fxg3 Qc5+ 20. Kh1
Qg5 21. Ne4 Qh6 22. Qf3 Rf8 23. Qf4 Qh5 24. g4 Qg6 25. g3 c5 26. h4 Qc6 27. g5
Bd6 28. Qf3 Be5 29. Rad1 Qb6 30. Nf6+ Bxf6 31. gxf6 gxf6 32. h5 Qe6 33. g4 c6
34. Rde1 Qd5 35. Kh2 Qg5 36. Kg3 Rcd8 37. Qxf6 Qxf6 38. Rxf6 Kg7 39. g5 a5 40.
Re7 Rb8 41. h6+ Kg8 42. Kf4 Rbd8 43. Rxb7 Rd4+ 44. Kg3 a4 45. Rxc6 f5 46. g6
Rg4+ 47. Kf3 hxg6 48. Rg7+ Kh8 49. Rgxg6 Rxg6 50. Rxg6 Kh7 51. Rc6 axb3 52. axb3
f4 53. Rxc5 Kxh6 54. Rc4 Kg5 55. Rc5+ Kg6 56. c4 Rf7 57. d4 Rf6 58. b4 Kf7 59.
b5 Ke7 60. Re5+ Kd6 61. c5+ Kc7 62. d5 Rf7 63. d6+ Kd7 64. Re7+ Rxe7 65. dxe7
Kxe7 66. Kxf4 Kd7 67. Ke5 Kc7 68. Ke6 Kb7 69. Kd7 Ka7 70. Kc8 Ka8 71. c6 Ka7 72.
c7 Kb6 73. Kb8 {Black resigns} 1-0

[Event "Team 45 45 League T32"]
[Site "Internet Chess Club"]
[Date "2007.02.03"]
[Round "3"]
[White "wekabird"]
[Black "Hastings"]
[Result "0-1"]
[WhiteElo "1225"]
[BlackElo "1408"]
[ECO "A45"]
[TimeControl "2700+45"]

1. d4 Nf6 2. e3 g6 3. Bd3 Bg7 4. Nd2 O-O 5. f4 d6 6. h3 b6 7. Ngf3 Bb7 8. O-O c5
9. c3 a6 10. Re1 b5 11. e4 Qb6 12. e5 Nh5 13. Ne4 Bh6 14. Nfg5 cxd4 15. cxd4
Qxd4+ 16. Be3 Qxb2 17. Re2 Qa3 18. exd6 exd6 19. Bc1 Qa5 20. Nxd6 Qb6+ 21. Be3
Qxd6 22. Kh1 Ng3+ 23. Kh2 Nxe2 24. Qxe2 Bxg5 25. g3 Bf6 26. Rc1 Rd8 27. Rd1 Qd5
28. g4 Qf3 29. Qxf3 Bxf3 30. Rc1 Rxd3 31. Rc8+ Kg7 32. Ba7 Rxa7 33. Rxb8 Rc7 34.
g5 Rc2+ 35. Kg3 Bg2+ 36. Kh4 Rxh3+ 37. Kg4 h5+ 38. gxh6+ Kxh6 39. f5 Rc4# {White
checkmated} 0-1

[Event "Team 45 45 League T32"]
[Site "Internet Chess Club"]
[Date "2007.02.08"]
[Round "3"]
[White "Cataclysm"]
[Black "Russ"]
[Result "0-1"]
[WhiteElo "1194"]
[BlackElo "1203"]
[ECO "B92"]
[TimeControl "2700+45"]

1. e4 c5 2. Nf3 d6 3. d4 cxd4 4. Nxd4 Nf6 5. Nc3 a6 6. Be2 e5 7. Nb3 Be6 8. Bg5
Be7 9. Bxf6 Bxf6 10. g3 O-O 11. Qd2 Qc7 12. Nc1 Nc6 13. Bf3 Rad8 14. Nb3 h6 15.
Nd5 Bxd5 16. Qxd5 Ne7 17. Qd3 b5 18. O-O Nc6 19. Qc3 Rc8 20. a3 Nd4 21. Qxc7
Rxc7 22. Nxd4 exd4 23. Bd1 Rfc8 24. Re1 d3 25. cxd3 Bxb2 26. Bg4 Rd8 27. Ra2 Bd4
28. Rae2 Re8 29. Kg2 Rc3 30. Rb2 Rxd3 31. Bd7 Re7 32. Bxb5 axb5 33. Rxb5 Rxa3
34. Rd5 Bc5 35. Red1 Rxe4 36. Rxd6 Bxd6 37. Rxd6 Ra1 38. Rd8+ Kh7 39. Rd7 f6 40.
Kf3 Ree1 41. h4 Rf1 42. g4 Ra2 43. g5 hxg5 44. hxg5 fxg5 45. Rd6 Rfxf2+ 46. Kg4
Rg2+ 47. Kf3 Raf2+ 48. Ke4 Rg4+ 49. Ke3 Rgf4 50. Rc6 g4 51. Rc1 g3 52. Rg1 g2
53. Rxg2 Rxg2 54. Kxf4 Re2 55. Kf3 Re8 56. Kg4 Rf8 57. Kg5 Rf6 58. Kg4 Kg6 59.
Kg3 Rf1 60. Kg2 Rf5 61. Kg3 Kf6 62. Kg4 Ke5 63. Kg3 Ke4 64. Kg4 Rf1 65. Kg3 Rf6
66. Kg4 Rg6+ 67. Kh4 Kf5 68. Kh3 Kf4 69. Kh2 Kf3 70. Kh1 Kf2 {White resigns} 0-1

[Event "Team 45 45 League T32"]
[Site "Internet Chess Club"]
[Date "2007.02.05"]
[Round "3"]
[White "sdcohle"]
[Black "Tomate"]
[Result "1-0"]
[WhiteElo "1412"]
[BlackElo "1394"]
[ECO "A45"]
[TimeControl "2700+45"]

1. d4 Nf6 2. e3 g6 3. Bd3 Bg7 4. c3 O-O 5. f4 e6 6. Nd2 d5 7. Ngf3 Nbd7 8. Qe2
c5 9. Nf1 c4 10. Bc2 b5 11. Bd2 Nb8 12. Ng3 Nc6 13. Ne5 Bb7 14. O-O-O a5 15. e4
a4 16. a3 Na5 17. h4 Nb3+ 18. Kb1 Nxd2+ 19. Qxd2 dxe4 20. Rde1 Qc7 21. Nxe4 Nxe4
22. Bxe4 Bxe4+ 23. Rxe4 Rad8 24. Nf3 Rd6 25. g4 f5 26. gxf5 exf5 27. Re2 h5 28.
Rg1 Kh7 29. Ng5+ Kg8 30. Ne6 Rxe6 31. Rxe6 {Black resigns} 1-0

[Event "Team 45 45 League T32"]
[Site "Internet Chess Club"]
[Date "2007.02.01"]
[Round "3"]
[White "Visin"]
[Black "walleye"]
[Result "1/2-1/2"]
[WhiteElo "1294"]
[BlackElo "1431"]
[ECO "D02"]
[TimeControl "2700+45"]

1. Nf3 d5 2. d4 Bg4 3. e3 e6 4. Be2 Nf6 5. Nc3 Nc6 6. h3 Bxf3 7. Bxf3 Be7 8. O-O
O-O 9. e4 dxe4 10. Nxe4 Nxe4 11. Bxe4 Qxd4 12. Qxd4 Nxd4 13. Re1 c6 14. c3 Nb5
15. Be3 Nd6 16. Bf3 Nc4 17. b3 Nxe3 18. Rxe3 Rad8 19. Re2 Rd3 20. c4 Rfd8 21.
Kh2 Bd6+ 22. Kg1 Bc7 23. Ree1 Rd2 24. Red1 Rxd1+ 25. Rxd1 Rxd1+ 26. Bxd1 Kf8 27.
Kf1 Ke7 28. Ke2 Kd6 29. Kd3 b5 30. cxb5 cxb5 31. f3 Kc5 32. a4 bxa4 33. bxa4 Kd5
34. Bc2 g5 35. g4 h6 36. Ke2 Ke5 37. Ke3 Bb6+ 38. Kd2 Kf4 39. Ke2 Kg3 40. Be4
Kxh3 41. Bc6 Kg3 42. Be8 f6 43. Bf7 e5 44. Bg6 Kf4 45. Bh7 Bc5 46. Bg6 a5 47.
Bh7 h5 48. gxh5 g4 49. fxg4 Kxg4 50. Bg6 Bf8 51. Ke3 f5 52. Bf7 Bh6+ 53. Ke2 e4
54. Be6 Kf4 55. Bc4 Kg5 56. Be6 f4 57. Bd5 e3 58. Bf3 Kf5 59. Kd3 Ke5 60. Kc4 e2
61. Bxe2 Ke4 62. Kb5 f3 63. Bxf3+ Kxf3 64. Kxa5 Kg4 65. Kb5 Kxh5 66. a5 Be3 67.
a6 Kg4 {Game drawn by mutual agreement} 1/2-1/2

[Event "Team 45 45 League T32"]
[Site "Internet Chess Club"]
[Date "2007.02.04"]
[Round "3"]
[White "katabatico"]
[Black "WzeroMN"]
[Result "1-0"]
[WhiteElo "1288"]
[BlackElo "1186"]
[ECO "C07"]
[TimeControl "2700+45"]

1. e4 e6 2. d4 d5 3. Nd2 c5 4. Ngf3 Qb6 5. exd5 exd5 6. c3 cxd4 7. cxd4 Bg4 8.
Nb3 Bb4+ 9. Bd2 Nc6 10. Qe2+ Nge7 11. Qb5 Bxd2+ 12. Nbxd2 O-O 13. Qxb6 axb6 14.
Bd3 Bxf3 15. Nxf3 Nf5 16. Bxf5 Rfe8+ 17. Kf1 Re7 18. h4 Ra4 19. h5 Nxd4 20. Rc1
Re8 21. Bd7 Rea8 22. Bxa4 Rxa4 23. Rc8# {Black checkmated} 1-0

[Event "Team 45 45 League T32"]
[Site "Internet Chess Club"]
[Date "2007.02.03"]
[Round "3"]
[White "Ghashgork"]
[Black "Rubacchus"]
[Result "1-0"]
[WhiteElo "1437"]
[BlackElo "1383"]
[ECO "C39"]
[TimeControl "2700+45"]

1. e4 e5 2. f4 exf4 3. Nf3 g5 4. h4 g4 5. Ne5 d6 6. Nxg4 h5 7. Nf2 Nf6 8. Be2
Nc6 9. d3 Nd4 10. Bxf4 Nxe2 11. Qxe2 Bh6 12. Bxh6 Rxh6 13. Nc3 Qe7 14. O-O-O c6
15. Rde1 Ng4 16. Nxg4 Bxg4 17. Qe3 Re6 18. Qd4 f6 19. Qf2 Qf7 20. Kb1 b5 21. Nd1
b4 22. Ne3 a5 23. Nxg4 hxg4 24. Qf5 a4 25. Qxg4 b3 26. cxb3 axb3 27. a3 Ra5 28.
Rc1 f5 29. exf5 Rxf5 30. Rhe1 Kd7 31. Rxe6 Qxe6 32. Qc4 Rc5 33. Qxe6+ Kxe6 34.
Rxc5 dxc5 35. g4 Kf6 36. h5 Kg5 37. Kc1 {Black resigns} 1-0

[Event "Team 45 45 League T32"]
[Site "Internet Chess Club"]
[Date "2007.02.03"]
[Round "3"]
[White "t-hobbes"]
[Black "SeniorCitizen"]
[Result "0-1"]
[WhiteElo "1186"]
[BlackElo "1314"]
[ECO "C01"]
[TimeControl "2700+45"]

1. e4 e6 2. d4 d5 3. exd5 exd5 4. Bd3 Nf6 5. Nf3 Bd6 6. O-O O-O 7. Bg5 Be6 8.
Nbd2 Nbd7 9. c3 Qc8 10. Re1 Ne8 11. Qc2 Ndf6 12. a3 c6 13. c4 Kh8 14. c5 Bc7 15.
Bh4 Rg8 16. Ng5 h6 17. Nxe6 fxe6 18. Nf3 g5 19. Bg3 Bxg3 20. hxg3 Rg7 21. Ne5
Kg8 22. Bg6 Qc7 23. Qe2 Qe7 24. Bh5 Nxh5 25. Qxh5 Qf6 26. Ng4 Qg6 27. Qh3 h5 28.
Ne5 Qh6 29. g4 Rh7 30. gxh5 Qxh5 31. Qxe6+ Kh8 32. Ng6+ Kg7 33. Qd7+ Kxg6 34.
Re6+ Nf6 35. Rxf6+ Kxf6 36. Qd6+ Kg7 37. Qe7+ Kh6 38. Qf6+ Qg6 39. Qf3 Re8 40.
g4 Kg7 41. Kg2 Qe4 42. Rf1 Rh2+ 43. Kg3 Rh3+ 44. Kxh3 Qxf3+ 45. Kh2 Qxg4 {White
resigns} 0-1

[Event "Team 45 45 League T32"]
[Site "Internet Chess Club"]
[Date "2007.02.03"]
[Round "3"]
[White "ADIOKiddo4Ever"]
[Black "AtomicDog"]
[Result "1/2-1/2"]
[WhiteElo "1171"]
[BlackElo "1399"]
[ECO "B22"]
[TimeControl "2700+45"]

1. e4 c5 2. c3 d5 3. exd5 Qxd5 4. Nf3 Bg4 5. Be2 Nf6 6. c4 Qd6 7. O-O Nc6 8. Nc3
e6 9. Re1 Be7 10. Ng5 Bxe2 11. Qxe2 Nd4 12. Qd1 O-O 13. Nce4 Nxe4 14. Nxe4 Qc6
15. d3 Rfd8 16. Be3 Qd7 17. Bxd4 Qxd4 18. b3 Qxd3 19. Qxd3 Rxd3 20. Rad1 Rad8
21. Rxd3 Rxd3 22. g3 f5 23. Ng5 Bxg5 24. Rxe6 Kf7 25. Re5 Be7 26. Rxf5+ Ke6 27.
Rf4 Rd1+ 28. Kg2 Ra1 29. a4 Ra2 30. Re4+ Kf7 31. Re5 g6 32. Rd5 Ke6 33. h4 Re2
34. Kf1 Re5 35. Rd2 Rf5 36. g4 Rf3 37. Rb2 Bxh4 38. b4 cxb4 39. Rxb4 Rxf2+ 40.
Ke1 Rb2+ 41. Kd1 Rxb4 42. Kc2 Rxc4+ 43. Kb3 Rxg4 44. a5 Be7 45. Kc2 Rg5 46. Kd3
Rxa5 47. Ke4 b5 48. Kd3 h5 49. Kc2 h4 50. Kb3 h3 51. Kc2 h2 52. Kd3 h1=Q 53. Kc2
Qc6+ 54. Kd3 Qd5+ 55. Kc2 Qc4+ 56. Kd2 Ra3 57. Kd1 Qd3+ 58. Ke1 Ra2 {White
stalemated} 1/2-1/2

[Event "Team 45 45 League T32"]
[Site "Internet Chess Club"]
[Date "2007.02.02"]
[Round "3"]
[White "Orforded"]
[Black "furrbrain"]
[Result "0-1"]
[WhiteElo "1245"]
[BlackElo "1173"]
[ECO "C02"]
[TimeControl "2700+45"]

1. e4 e6 2. d4 d5 3. e5 c5 4. c3 Qb6 5. Nf3 Nc6 6. Qd2 Nge7 7. Be2 Nf5 8. O-O
Be7 9. c4 cxd4 10. a4 O-O 11. Na3 a6 12. Rb1 Bxa3 13. cxd5 exd5 14. Ra1 Bb4 15.
Qd3 Be6 16. g4 Nfe7 17. Ng5 g6 18. f4 h6 19. Nh3 Rac8 20. f5 Nxe5 21. Qg3 d3+
22. Be3 Qc7 23. Bxh6 dxe2 24. Qh4 Bc5+ 25. Kh1 exf1=Q+ 26. Rxf1 Qc6 27. Kg2 d4+
28. Kg3 Bd6 29. Nf4 Nd3 30. Qf6 Be5 31. Qxe7 Rfe8 32. Qg5 Bc4 33. Kh4 Qf6 34.
Nxd3 Qxg5+ 35. Kxg5 Bxd3 36. Rf3 f6+ 37. Kxg6 Bc4 38. Rh3 Bf7# {White
checkmated} 0-1

[Event "Team 45 45 League T32"]
[Site "Internet Chess Club"]
[Date "2007.02.02"]
[Round "3"]
[White "Frankly"]
[Black "viking99"]
[Result "1/2-1/2"]
[WhiteElo "1656"]
[BlackElo "1806"]
[ECO "D82"]
[TimeControl "2700+45"]

1. d4 Nf6 2. c4 g6 3. Nc3 d5 4. Bf4 Bg7 5. e3 c5 6. dxc5 Qa5 7. cxd5 Nxd5 8.
Qxd5 Bxc3+ 9. bxc3 Qxc3+ 10. Ke2 Qxa1 11. Be5 Qc1 12. Bxh8 Be6 13. Qxb7 Qc2+ 14.
Ke1 Qc1+ 15. Ke2 Qc2+ 16. Ke1 Qc1+ 17. Ke2 Qc2+ 18. Kf3 Qf5+ 19. Ke2 Qc2+ 20.
Kf3 Qf5+ 21. Ke2 Qc2+ 22. Kf3 Qf5+ 23. Ke2 Qc2+ 24. Kf3 {Game drawn by
repetition} 1/2-1/2